 Dungeon Crawl Stone Soup version 0.28.0-53-g5a82cb258f (webtiles) character file.

Game seed: 14453681048559334734

454 mcbry74 the Chopper (level 6, 0/56 HPs)
             Began as a Minotaur Fighter on July 12, 2022.
             Was a Believer of Elyvilon.
             Killed by divine providence
             ... invoked by an orc priest
              (9 damage)
             ... on level 3 of the Dungeon.
             The game lasted 00:09:17 (2907 turns).

mcbry74 the Chopper (Minotaur Fighter)              Turns: 2907, Time: 00:09:18

Health: 0/56       AC:  7    Str: 20    XL:     6   Next: 76%
Magic:  5/5        EV:  9    Int:  7    God:    Elyvilon [**....]
Gold:   142        SH:  4    Dex: 10    Spells: 5/5 levels left

rFire   . . .      SeeInvis .   a - +0 war axe
rCold   . . .      Faith    .   c - +0 buckler
rNeg    . . .      Spirit   .   b - +0 scale mail
rPois   .          Reflect  .   (helmet restricted)
rElec   .          Harm     .   (no cloak)
rCorr   .          Rampage  .   (no gloves)
Will    .....                   (no boots)
Stlth   ..........              (no amulet)
HPRegen 0.18/turn               (no ring)
MPRegen 0.09/turn               (no ring)

@: no status effects
A: horns 2, retaliatory headbutt
a: Renounce Religion, Purification, Heal Other


You were on level 3 of the Dungeon.
You worshipped Elyvilon.
Elyvilon was pleased with you.
You visited 1 branch of the dungeon, and saw 3 of its levels.
You also visited: Sewer.

You collected 142 gold pieces.

Inventory:

Hand Weapons
 a - a +0 war axe (weapon)
Missiles
 f - 57 arrows
 k - a stone (quivered)
 q - 11 poisoned darts
Armour
 b - a +0 scale mail (worn)
 c - a +0 buckler (worn)
 n - a +0 chain mail
Magical Staves
 j - a staff of earth
Jewellery
 x - a ring of positive energy
Scrolls
 g - 4 scrolls of fog {unknown}
 h - a scroll of summoning {unknown}
 i - a scroll of fear {unknown}
 l - a scroll of amnesia {unknown}
 m - a scroll of silence {unknown}
 o - a scroll of blinking {unknown}
 p - a scroll of brand weapon {unknown}
 r - a scroll of teleportation {unknown}
Potions
 d - a potion of might
 e - a potion of mutation {unknown}
 s - a potion of magic {unknown}
 t - 2 potions of resistance {unknown}
 u - a potion of curing {unknown}
 v - a potion of berserk rage {unknown}
 w - a potion of haste {unknown}


   Skills:
 + Level 5.4 Fighting
 * Level 6.3 Axes
 - Level 5.0 Armour
 - Level 4.5 Shields


You had 5 spell levels left.
You didn't know any spells.
Your spell library contained the following spells:

 Spells                   Type           Power      Damage    Failure   Level
 Summon Small Mammal      Summ           0%         N/A       86%         1
 Call Canine Familiar     Summ           0%         N/A       99%         3
 Summon Guardian Golem    Hex/Summ       0%         N/A       99%         3


Dungeon Overview and Level Annotations

Branches:
Dungeon (3/15)              Sewer (visited)

Altars:
Elyvilon
Beogh


Innate Abilities, Weirdness & Mutations

You have a pair of horns on your head.
You reflexively headbutt those who attack you in melee.


Message History

The orc hits you with a +0 club. The orc hits you but does no damage.
You slash the orc!
You kill the orc!
You block the orc priest's attack.
You closely miss the orc priest. You block the orc priest's attack.
You closely miss the orc priest.
The orc priest hits you with a +0 dagger.
You hit the orc priest.
The orc priest is lightly wounded.
The orc priest calls down the wrath of Beogh upon you.
Pain shoots through your body!
You closely miss the orc priest.
You headbutt the orc priest, but do no damage.
The orc priest is lightly wounded.
The orc priest hits you with a +0 dagger.
* * * LOW HITPOINT WARNING * * *
The orc priest hits you with a +0 dagger.
* * * LOW HITPOINT WARNING * * *
You hit the orc priest.
The orc priest is moderately wounded.
The orc priest hits you but does no damage.
You hit the orc priest.
The orc priest is heavily wounded.
The orc priest hits you but does no damage.
You closely miss the orc priest. Your headbutt misses the orc priest.
The orc priest is heavily wounded.
The orc priest completely misses you.
You hit the orc priest but do no damage.
The orc priest is heavily wounded.
The orc priest hits you but does no damage.
The orc priest hits you with a +0 dagger.
* * * LOW HITPOINT WARNING * * *
You closely miss the orc priest. You headbutt the orc priest.
The orc priest is almost dead.
The orc priest hits you but does no damage.
You barely miss the orc priest.
The orc priest is almost dead.
The orc priest calls down the wrath of Beogh upon you.
Beogh smites you!
You die...

...##########
#######
...wooo@....#
#......
##.########.#
#.##### #.#
#...... #.#
#..#### #.#
#...... #.#
#..##.# #.#
#..##.# ##+##
#####.####
#.†##.#
##...##
#........#
#......


You could see an orc priest, a dart slug and 2 orcs.

Vanquished Creatures
  Sigmund (D:2)
  2 kobold brigands (Sewer)
  An iguana (D:3)
  4 adders
  2 river rats (D:3)
  7 worms
  2 dart slugs
  An orc (D:3)
  8 ball pythons
  3 endoplasms
  6 giant cockroaches
  4 goblins
  3 hobgoblins
  2 quokkas
  3 bats
  5 frilled lizards
  8 rats
62 creatures vanquished.

Notes
Turn   | Place    | Note
-------+----------+-------------------------------------------
     0 | D:1      | mcbry74 the Minotaur Fighter began the quest for the Orb.
     0 | D:1      | Reached XP level 1. HP: 19/19 MP: 0/0
    65 | D:1      | Reached XP level 2. HP: 27/27 MP: 1/1
   137 | D:1      | Reached skill level 3 in Axes
   694 | D:1      | Found a faded altar of an unknown god.
   698 | D:1      | Prayed at the altar of an unknown god.
   698 | D:1      | Became a worshipper of Elyvilon the Healer
   698 | D:1      | Reached * piety under Elyvilon
   847 | D:2      | Noticed Sigmund
   867 | D:2      | Killed Sigmund
   868 | D:2      | Reached skill level 4 in Axes
   868 | D:2      | Reached XP level 3. HP: 20/34 MP: 2/2
   868 | D:2      | Reached XP level 4. HP: 24/41 MP: 3/3
   868 | D:2      | Reached XP level 5. HP: 28/47 MP: 4/4
  1623 | D:3      | Reached skill level 5 in Axes
  1677 | D:3      | Found a glowing drain.
  1681 | Sewer    | Entered a sewer
  2026 | Sewer    | Reached XP level 6. HP: 54/55 MP: 5/5
  2073 | Sewer    | Reached skill level 5 in Fighting
  2073 | Sewer    | Reached skill level 5 in Armour
  2259 | Sewer    | Reached skill level 6 in Axes
  2751 | D:3      | Reached ** piety under Elyvilon
  2907 | D:3      | Killed from afar by an orc priest

Illustrated notes

Levels and vault maps discovered:
D:1:      nicolae_arrival_somewhat_less_tricky_arrival, layout_loops_ring,
          serial_glass, glass_columns_a, glass_columns_b,
          hellmonk_ecumenical_altar_defaced_shrine
D:2:      cheibrodos_old_hovel, layout_basic, uniq_sigmund
D:3:      layout_loops_corners, lightli_sewer_entry_pipes, uniq_terence

Skill      XL: |  1  2  3  4  5  6 |
---------------+-------------------+-----
Axes           | 4 5 6 |  6.3
Fighting       | 4 5 |  5.4
Armour         | 4 5 |  5.0
Shields        | 4 |  4.5

Action                   |  1- 3 |  4- 6 || total
-------------------------+-------+-------++-------
Melee: War axe           |    33 |   116 ||   149
       Headbutt          |     5 |    18 ||    23
Armor: Scale mail        |    15 |    39 ||    54
Dodge: Dodged            |    17 |    41 ||    58
Block: Buckler           |     2 |    21 ||    23
